 Dungeon Crawl Stone Soup version 0.23-a0-703-gdf2d5e0 (webtiles) character file.

4 HungryMoth the Poker (level 1, 0/17 HPs)
             Began as a Merfolk Skald on Jan 14, 2019.
             Slain by a frilled lizard (1 damage)
             ... on level 1 of the Dungeon.
             The game lasted 00:01:21 (126 turns).

HungryMoth the Poker (Merfolk Skald)                 Turns: 126, Time: 00:01:23

Health: 0/17       AC:  3    Str: 11    XL:     1   Next: 60%
Magic:  0/3        EV: 15    Int: 12    God:
Gold:   23         SH:  0    Dex: 13    Spells: 3/4 levels left

rFire    . . .     SeeInvis .   a - +0 spear
rCold    . . .     Gourm    .   (no shield)
rNeg     . . .     Faith    .   b - +0 leather armour
rPois    .         Spirit   .   (no helmet)
rElec    .         Reflect  .   (no cloak)
rCorr    .         Harm     .   (no gloves)
MR       .....                  (boots currently unavailable)
Stlth    ++........             (no amulet)
HPRegen  0.05/turn              (no ring)
MPRegen  0.08/turn              (no ring)

@: infused, very quick
A: change form in water, swift swim, stealthy swim
a: no special abilities


You were on level 1 of the Dungeon.
You were not hungry.

You visited 1 branch of the dungeon, and saw 1 of its levels.

You collected 23 gold pieces.

Inventory:

Hand Weapons
 a - a +0 spear (weapon)
Armour
 b - a +0 leather armour (worn)
Scrolls
 c - a scroll of teleportation {unknown}
 e - a scroll of random uselessness {unknown}
 f - a scroll of enchant armour {unknown}
Comestibles
 d - 2 rations


   Skills:
 + Level 2.4 Fighting
 + Level 3.3 Polearms
 - Level 0.6 Armour
 - Level 2.6 Dodging
 - Level 2.0 Spellcasting
 - Level 3.2 Charms


You had 3 spell levels left.
You knew the following spells:

 Your Spells              Type           Power        Failure   Level  Hunger
a - Infusion              Chrm           #...         10%         1    ##.....

Your spell library contained the following spells:

 Spells                   Type           Power        Failure   Level  Hunger
 Song of Slaying          Chrm           #.......     14%         2    ###....
 Shroud of Golubria       Chrm/Tloc      #.........   28%         2    ###....
 Regeneration             Chrm/Necr      #.........   50%         3    ####...
 Spectral Weapon          Hex/Chrm       #.......     50%         3    ####...


Dungeon Overview and Level Annotations

Branches:
Dungeon (1/15)

Altars:


Message History

The frilled lizard bites you but does no damage.
The frilled lizard barely misses you. The goblin barely misses you.
The frilled lizard bites you but does no damage.
You barely miss the goblin. You tail-slap the goblin.
The goblin is moderately wounded.
The kobold closely misses you. The frilled lizard bites you.
* * * LOW HITPOINT WARNING * * *
The goblin splashes around in the water.
The frilled lizard misses you. The frilled lizard bites you.
* * * LOW HITPOINT WARNING * * *
The goblin splashes around in the water.
The frilled lizard misses you.
You barely miss the goblin.
The goblin is moderately wounded.
The frilled lizard misses you. The goblin barely misses you.
The kobold barely misses you. The frilled lizard closely misses you.
The frilled lizard bites you but does no damage.
The frilled lizard hisses.
The goblin misses you. The frilled lizard bites you.
You die...

####.# ##....#
##.###.## #.## ##.####
#.# #....##
#.#####[....## ###
##.......l≈..#
##.######.....≈Kgl≈.#
#.............ll@≈≈.#
##.######.....≈llg≈...#
#.# ##....≈≈≈≈≈...# #.#
####..≈≈≈..#... #.#
#+.....####. #.#
....#.. #.## ....##.##
##..#### ...... .#
.......#


You could see 2 goblins, a kobold and 6 frilled lizards.

Vanquished Creatures
  A bat (D:1)
  3 frilled lizards (D:1)
  A kobold (D:1)
  A rat (D:1)
6 creatures vanquished.

Notes
Turn   | Place    | Note
-------+----------+-------------------------------------------
     0 | D:1      | HungryMoth the Merfolk Skald began the quest for the Orb.
     0 | D:1      | Reached XP level 1. HP: 16/16 MP: 3/3
   126 | D:1      | Slain by a frilled lizard

Vault maps used:
D:1:      evilmike_arrival_crescent, minmay_lizard_pond

Action                   || total
-------------------------++-------
Melee: Spear             ||    23
       Tailslap          ||     1
 Cast: Infusion          ||     2
Armor: Leather armour    ||    11
Dodge: Dodged            ||    39

Table legend:
 A = Non-vault XP
 B = Vault XP
 C = Vault XP percentage of total XP
 D = Non-vault monster count
 E = Vault monster count
 F = Vault count percentage of total count
                 A         B        C        D         E       F
            +---------+---------+-------+---------+---------+-------
      Total |       3 |       3 |  50.0 |       3 |       3 |  50.0
            +---------+---------+-------+---------+---------+-------
        D:1 |       3 |       3 |  50.0 |       3 |       3 |  50.0
            +---------+---------+-------+---------+---------+-------
